 Dungeon Crawl Stone Soup version 0.22-a0-422-g9628fc8 (webtiles) character file.

112742 DrEnzyme the Grappler (level 16, 0/153 HPs)
             Began as a Troll Fighter on May 8, 2018.
             Was a High Priest of Ru.
             Killed by angry trees
             ... awakened by a spriggan druid
              (15 damage)
             ... on level 3 of the Swamp on May 18, 2018.
             The game lasted 03:10:00 (25987 turns).

DrEnzyme the Grappler (Troll Fighter)              Turns: 25987, Time: 03:10:00

Health: 0/153      AC: 10    Str: 28    XL:     16   Next: 12%
Magic:  22/22      EV: 15    Int:  9    God:    Ru [*****.]
Gold:   2190       SH: 17    Dex: 14    Spells: 18/25 levels left

rFire    + . .     SeeInvis .     - Unarmed
rCold    . . .     Gourm    +   y - +5 shield
rNeg     . . .     Faith    .   z - +2 robe {MR+}
rPois    +         Spirit   .   (helmet restricted)
rElec    .         Reflect  .   I - +2 cloak "Upla" {+Blink rC+ Int+3}
rCorr    .         Harm     .   (gloves unavailable)
MR       ++...     Rnd*Rage +   (boots unavailable)
Stlth    ++........             h - amulet of regeneration
HPRegen  1.15/turn              M - ring of fire
MPRegen  0.18/turn              C - ring of poison resistance

@: marked, no potions, no scrolls, berserk cooldown, slowed, very slow
A: large, unfitting armour, claws 3, talons 1, berserk 1, clever 1, fast
metabolism 3, gourmand, regeneration 1, shaggy fur 1, tough skin 2, inability to
drink while threatened, inability to read while threatened, hated by all, no ice
magic, no necromancy magic, no summoning magic, disrupted magic 1
a: Sacrifice an Eye, Sacrifice Nimbleness, Sacrifice Purity, Reject Sacrifices,
Draw Out Power, Power Leap, Apocalypse, Renounce Religion, Evoke Blink


You were on level 3 of the Swamp.
You worshipped Ru.
Ru was extremely pleased with you.
You were not hungry.

You visited 5 branches of the dungeon, and saw 24 of its levels.
You also visited: Bailey and Ice Cave.

You collected 2334 gold pieces.
You spent 144 gold pieces at shops.

Inventory:

Hand Weapons
 b - the +8 hand crossbow "Poymafak" {elec, rN+ Int+3}
   (You bought it in a shop on level 4 of the Dungeon)

   It charges the ammunition it shoots with electricity; occasionally upon a
   hit, such missiles may discharge and cause terrible harm.
   It affects your intelligence (+3).
   It protects you from negative energy.
 v - a +1 vampiric halberd
 G - the +2 hand axe "Giddu" {drain, rElec MR+}
   (You found it on level 8 of the Dungeon)

   A truly terrible weapon, it drains the life of those it strikes.
   It insulates you from electricity.
   It affects your resistance to hostile enchantments.
Missiles
 E - 61 tomahawks of returning (quivered)
Armour
 c - a +1 troll leather armour
 y - a +5 shield (worn)
 z - a +2 robe of magic resistance (worn)
 A - +0 swamp dragon scales
 I - the +2 cloak "Upla" (worn) {+Blink rC+ Int+3}
   (You found it on level 7 of the Dungeon)

   It affects your intelligence (+3).
   It protects you from cold.
   It lets you blink.
 S - a scarf of resistance
 W - +0 acid dragon scales
Jewellery
 h - an amulet of regeneration (around neck)
 k - an uncursed ring of stealth
 q - an uncursed amulet of guardian spirit
 t - an uncursed ring of ice
 B - an uncursed ring of ice
 C - a ring of poison resistance (right claw)
 K - a +3 ring of intelligence
 M - a ring of fire (left claw)
 N - an uncursed ring of magical power
 Q - an uncursed ring of positive energy
 V - an uncursed ring of resist corrosion
Wands
 a - a wand of scattershot (7)
 g - a wand of polymorph (18)
 D - a wand of flame (25)
 L - a wand of clouds (5)
Scrolls
 e - 13 scrolls of teleportation
 i - 5 scrolls of identify
 j - 4 scrolls of fog
 l - 3 scrolls of enchant weapon
 o - 7 scrolls of remove curse
 s - 3 scrolls of amnesia
 F - 2 scrolls of fear
 P - 8 scrolls of magic mapping
 R - a scroll of immolation
Potions
 f - a potion of cancellation
 m - a potion of resistance
 n - 8 potions of haste
 p - 5 potions of brilliance
 r - 11 potions of heal wounds
 u - 6 potions of agility
 w - 13 potions of curing
 x - 4 potions of flight
 H - 5 potions of mutation
 J - 3 potions of magic
 Y - 2 potions of invisibility
Miscellaneous
 O - a phantom mirror
Comestibles
 d - 36 rations


   Skills:
 * Level 8.7 Fighting
 + Level 1.1(1.4) Axes
 + Level 1.1(1.4) Polearms
 + Level 6.8 Crossbows
 + Level 3.4 Throwing
 + Level 1.5 Armour
 - Level 8.8 Dodging
 + Level 3.5 Stealth
 * Level 9.8 Shields
 * Level 14.1 Unarmed Combat
 - Level 5.0 Spellcasting
 - Level 3.9 Hexes
 * Level 4.2 Charms
 * Level 4.2 Translocations
 * Level 3.8 Evocations


You had 18 spell levels left.
You knew the following spells:

 Your Spells              Type           Power        Failure   Level  Hunger
a - Confusing Touch       Hex            #.....       8%          1    #......
b - Shroud of Golubria    Chrm/Tloc      #.........   11%         2    ##.....
c - Apportation           Tloc           #.....       7%          1    #......
d - Corona                Hex            #......      8%          1    #......
e - Song of Slaying       Chrm           #.......     11%         2    ##.....

Your spell library contained the following spells:

 Spells                   Type           Power        Failure   Level  Hunger
 Confuse                  Hex            #.......     21%         3    ###....
 Mephitic Cloud           Conj/Pois/Air  #.......     67%         3    ###....
 Venom Bolt               Conj/Pois      #.........   100%        5    ######.
 Olgreb's Toxic Radiance  Pois           #.......     96%         4    #####..
 Summon Small Mammal      Summ           #...         32%         1    #......
 Animate Skeleton         Necr           N/A          32%         1    #......
 Summon Ice Beast         Ice/Summ       #.......     96%         4    #####..
 Call Imp                 Summ           #.......     45%         2    ##.....
 Regeneration             Chrm/Necr      #.........   38%         3    ###....
 Sting                    Conj/Pois      #...         32%         1    #......
 Tukima's Dance           Hex            #.......     21%         3    ###....
 Call Canine Familiar     Summ           #.......     67%         3    ###....
 Ensorcelled Hibernation  Hex/Ice        #.....       24%         2    ##.....
 Dazzling Spray           Conj/Hex       #.....       41%         3    ###....
 Infusion                 Chrm           #...         7%          1    #......
 Spectral Weapon          Hex/Chrm       #.......     21%         3    ###....
 Summon Lightning Spire   Summ/Air       #.......     96%         4    #####..
 Summon Guardian Golem    Hex/Summ       #.......     41%         3    ###....
 Poisonous Vapours        Pois/Air       #.....       45%         2    ##.....


Dungeon Overview and Level Annotations

Branches:
Dungeon (12/15)            Temple (0/1) D:6            Lair (6/6) D:8
  Swamp (3/4) Lair:4        Snake (1/4) Lair:3        Slime (0/5) Lair:6
    Orc (2/2) D:9             Elf (0/3) Orc:2

Altars:
Cheibriados
Fedhas
Gozag
Makhleb
Okawaru
Ru
Sif Muna
Wu Jian
Yredelemnul
Beogh

Shops:
D:4 (

Portals:
Abyss: D:11

Annotations:
D:8 Erica
D:9 exclusion: downstairs
Lair:3 exclusion: downstairs
Lair:5 exclusions: 3 downstairs and 2 hogs
Swamp:1 exclusion: downstairs, Roxanne


Innate Abilities, Weirdness & Mutations

You are too large for most types of armour.
You have claws for hands.
Your metabolism is lightning-fast.
You like to eat raw meat.
Your natural rate of healing is unusually fast.
You are covered in fur. (AC +1)
You have very tough skin. (AC +2)
You cannot drink potions while threatened.
You cannot read scrolls while threatened.
You are hated by all.
You cannot study or cast Ice magic.
You cannot study or cast Necromancy magic.
You cannot study or cast Summoning magic.
Your casting is slightly disrupted.
You have sharp toenails.
You tend to lose your temper in combat.
Your mind is acute. (Int +2)


Message History

You are engulfed in spectral mist.
* * * LOW HITPOINT WARNING * * *
You block the spriggan druid's attack.
A spriggan druid comes into view. It is wielding a quarterstaff.
The spriggan druid mumbles some strange words.
The forest starts to sway and rumble!
You see here a ghost crab corpse.
A root smacks you from below.
* * * LOW HITPOINT WARNING * * *
You focus your will and slow the spriggan druid in retribution!
The ghost crab breathes spectral mist at you.
The spectral mist engulfs the spriggan druid.
The spriggan druid is engulfed in spectral mist.
You redirect the spriggan druid's attack!
The spriggan druid closely misses itself.
You are engulfed in spectral mist.
* * * LOW HITPOINT WARNING * * *
Branches wave dangerously above you. A root smacks you from below.
You die...

♣..♣♣...§≈≈.≈
♣.≈≈♣♣♣≈≈≈≈.≈
♣≈.≈♣♣♣..≈≈..
♣♣..≈..♣≈§.≈≈.
#♣......≈....≈.
#.....≈.♣≈.♣♣♣♣
#.≈.≈≈.♣[≈.♣
♣.#####♣###§§≈≈.≈≈≈.♣♣
#.it§§i§@§§Z.≈.......♣
##♣#♣♣#♣##♣§.......≈♣♣
.≈..≈..≈.♣≈...♣
..♣..≈♣.♣..≈.♣♣
♣♣.♣♣♣♣♣.≈♣♣ ♣♣ ♣♣♣♣


You could see a ghost crab, 2 spriggan druids and a spectral spriggan rider.

Vanquished Creatures
  3 thorn hunters
  Josephine (Lair:3)
  Harold (Orc:1)
  2 naga warriors (Snake:1)
  13 hydras
  3 catoblepae
  4 ghost crabs
  An anaconda (Snake:1)
  5 two-headed ogres
  11 alligators
  Urug (Orc:1)
  5 death yaks
  4 shock serpents (Snake:1)
  3 naga sharpshooters (Snake:1)
  7 spriggans
  4 spriggan druids
  7 swamp dragons
  A naga ritualist (Snake:1)
  2 orc knights (Orc:1)
  An orc sorcerer (Orc:1)
  4 mana vipers (Snake:1)
  A cyclops (Orc:1)
  5 salamanders (Snake:1)
  A wolf spider (Lair:6)
  8 ugly things
  The ghost of Vlans the Destroyer, a novice TeCj of Vehumet (D:5)
  Maurice (Orc:1)
  10 black mambas
  3 ice statues (IceCv)
  A rust devil (D:11)
  14 spiny frogs
  3 naga magi (Snake:1)
  An orange demon (D:11)
  6 rime drakes (Lair:4)
  A komodo dragon (Lair:2)
  A red devil (D:11)
  3 trolls
  4 tyrant leeches
  A bog body (Swamp:2)
  5 hornets
  11 blink frogs
  9 dream sheep
  8 hippogriffs
  3 slime creatures (Swamp:2)
  A shadow (D:12)
  A redback (Lair:6)
  3 wraiths (Lair:3)
  17 wyverns
  25 yaks
  5 basilisks (Lair:4)
  A hungry ghost (D:10)
  10 swamp worms
  12 water moccasins
  13 insubstantial wisps
  10 nagas
  2 acid dragons
  5 porcupines
  23 orc warriors
  7 ice beasts
  A hornet zombie (D:10)
  4 sky beasts
  2 black bears
  10 swamp drakes
  2 phantoms
  3 ogres
  A necrophage (D:10)
  27 wolves
  7 centaurs
  8 crocodiles
  4 big kobolds
  A wyvern zombie (D:10)
  6 bullfrogs
  A wyvern skeleton (D:9)
  2 scorpions
  5 wights (D:11)
  A howler monkey (D:4)
  3 crimson imps
  2 centaur zombies
  2 quasits
  5 hounds
  5 iron imps (D:11)
  14 jellies
  11 orc priests
  15 orc wizards
  4 iguanas
  Jessica (D:3)
  7 worker ants
  A killer bee zombie (D:9)
  A hound skeleton (D:4)
  A worker ant zombie (D:5)
  17 gnolls
  14 adders
  2 shadow imps
  12 white imps (Orc:1)
  2 oozes
  3 adder skeletons
  An adder zombie (D:6)
  10 worms
  2 dart slugs (D:3)
  8 leopard geckos
  70 orcs
  6 bats
  6 giant cockroaches
  16 goblins
  20 hobgoblins
  19 jackals
  37 kobolds
  4 quokkas
  A ball python (D:5)
  A ball python skeleton (D:5)
  7 frilled lizards
  A giant cockroach zombie (D:6)
  2 leopard gecko skeletons
  A leopard gecko zombie (D:7)
  2 quokka skeletons
  5 rats
  A spectral orc (D:2)
  7 fungi
  24 plants
777 creatures vanquished.

Vanquished Creatures (others)
  An alligator (Swamp:1)
  A spriggan druid (Swamp:2)
  A salamander (Snake:1)
  A blink frog (Lair:1)
  A tyrant leech (Swamp:1)
  A hornet (Swamp:1)
  A porcupine (Lair:1)
  3 briar patches (Swamp:2)
  26 fungi
  17 plants
53 creatures vanquished.

Grand Total: 830 creatures vanquished

Notes
Turn   | Place    | Note
-------+----------+-------------------------------------------
     0 | D:1      | DrEnzyme the Troll Fighter began the quest for the Orb.
     0 | D:1      | Reached XP level 1. HP: 22/22 MP: 0/0
   142 | D:1      | Reached XP level 2. HP: 29/29 MP: 1/1
   729 | D:2      | Reached XP level 3. HP: 22/36 MP: 2/2
   956 | D:2      | Found a burning altar of Makhleb.
   956 | D:2      | Noticed a green death
  1038 | D:2      | Reached skill level 3 in Unarmed Combat
  1038 | D:2      | Reached XP level 4. HP: 32/44 MP: 3/3
  1163 | D:2      | Found a basalt altar of Yredelemnul.
  1607 | D:3      | Reached XP level 5. HP: 17/52 MP: 4/4
  1738 | D:3      | Reached skill level 4 in Unarmed Combat
  1785 | D:3      | Noticed Jessica
  1793 | D:3      | Killed Jessica
  1989 | D:3      | Reached XP level 6. HP: 61/61 MP: 5/5
  2424 | D:3      | Upgraded the game from 0.22-a0-405-g6463fda to 0.22-a0-406-g9ff8d77
  2428 | D:4      | Reached skill level 1 in Stealth
  2588 | D:4      | Upgraded the game from 0.22-a0-406-g9ff8d77 to 0.22-a0-409-gb855193
  2611 | D:5      | Entered Level 5 of the Dungeon
  2737 | D:4      | Reached skill level 5 in Unarmed Combat
  2737 | D:4      | Reached XP level 7. HP: 59/67 MP: 6/6
  2969 | D:4      | Found Roadaczo's Antique Weapon Shop.
  3032 | D:4      | Bought a dazzling hand crossbow for 144 gold pieces
  3032 | D:4      | Identified the +8 hand crossbow "Poymafak" {elec, rN+ Int+3} (You bought it in a shop on level 4 of the Dungeon)
  3767 | D:5      | Reached skill level 1 in Crossbows
  3954 | D:5      | Noticed Vlans's ghost (novice TeCj)
  3974 | D:5      | Killed Vlans's ghost
  3974 | D:5      | Reached skill level 6 in Unarmed Combat
  3974 | D:5      | Reached XP level 8. HP: 11/75 MP: 7/7
  4161 | D:5      | Found a sacrificial altar of Ru.
  4171 | D:5      | Became a worshipper of Ru the Awakened
  4203 | D:6      | Found a staircase to the Ecumenical Temple.
  4938 | D:6      | Found an opulent altar of Gozag.
  4938 | D:6      | Found a deep blue altar of Sif Muna.
  5102 | D:6      | Found an iron altar of Okawaru.
  5445 | D:7      | Found a blossoming altar of Fedhas.
  5659 | D:7      | Gained mutation: You are hated by all. [Ru sacrifice]
  5659 | D:7      | Reached * piety under Ru
  5686 | D:7      | Reached XP level 9. HP: 84/84 MP: 8/8
  5767 | D:7      | Got a slimy cloak
  5773 | D:7      | Identified the +2 cloak "Upla" {+Blink rC+ Int+3} (You found it on level 7 of the Dungeon)
  5888 | D:8      | Found an iron altar of Okawaru.
  5972 | D:8      | Noticed Erica
  6232 | D:8      | Found a snail-covered altar of Cheibriados.
  6258 | D:8      | Found a flagged portal.
  6267 | D:8      | Got a shimmering hand axe
  6270 | Bailey   | Entered a bailey
  6318 | Bailey   | Reached skill level 7 in Unarmed Combat
  6534 | Bailey   | Gained mutation: You tend to lose your temper in combat. [potion of mutation]
  6534 | Bailey   | Gained mutation: You have sharp toenails. [potion of mutation]
  6534 | Bailey   | Gained mutation: Your mind is acute. (Int +2) [potion of mutation]
  6717 | Bailey   | Identified the cursed +2 hand axe "Giddu" {drain, rElec MR+} (You found it on level 8 of the Dungeon)
  6939 | D:8      | Found a staircase to the Lair.
  7087 | D:9      | Reached skill level 5 in Dodging
  7135 | D:9      | Reached skill level 5 in Shields
  7151 | D:9      | Found an ornate altar of the Wu Jian Council.
  7166 | D:9      | Gained mutation: You cannot drink potions while threatened. [Ru sacrifice]
  7166 | D:9      | Reached ** piety under Ru
  7166 | D:9      | Reached *** piety under Ru
  7553 | D:9      | Upgraded the game from 0.22-a0-409-gb855193 to 0.22-a0-410-g97be04f
  7569 | D:10     | Entered Level 10 of the Dungeon
  7787 | D:10     | Noticed a two-headed ogre
  7799 | D:10     | Killed a two-headed ogre
  7931 | D:10     | Learned a level 1 spell: Confusing Touch
  7944 | D:10     | Reached XP level 10. HP: 94/94 MP: 9/9
  7948 | D:10     | Noticed a two-headed ogre
  7956 | D:10     | Killed a two-headed ogre
  7956 | D:10     | Reached skill level 8 in Unarmed Combat
  8041 | D:10     | Noticed a two-headed ogre
  8052 | D:10     | Killed a two-headed ogre
  8052 | D:10     | Reached skill level 1 in Spellcasting
  8092 | D:10     | You fall through a shaft for 2 floors!
  8259 | D:10     | Reached skill level 5 in Fighting
  8269 | D:10     | Reached skill level 1 in Hexes
  8451 | D:11     | Found a one-way gate to the infinite horrors of the Abyss.
  8451 | D:11     | Noticed a rust devil
  8462 | D:11     | Reached skill level 9 in Unarmed Combat
  8463 | D:11     | Noticed an orange demon
  8536 | D:11     | Noticed a purple ugly thing
  8543 | D:11     | Killed a purple ugly thing
  8543 | D:11     | Reached skill level 5 in Crossbows
  8706 | D:11     | Noticed a six-headed hydra
  8890 | D:11     | Reached XP level 11. HP: 104/104 MP: 12/12
  9101 | D:11     | Killed a seven-headed hydra
  9335 | D:11     | Gained mutation: You cannot read scrolls while threatened. [Ru sacrifice]
  9335 | D:11     | Reached **** piety under Ru
  9810 | D:12     | Noticed a two-headed ogre
  9815 | D:12     | Killed a two-headed ogre
  9845 | D:12     | Noticed a two-headed ogre
  9852 | D:12     | Killed a two-headed ogre
 10019 | Lair:1   | Entered Level 1 of the Lair of Beasts
 10666 | Lair:2   | Noticed a five-headed hydra
 10827 | Lair:2   | Gained mutation: You cannot study or cast Ice magic. [Ru sacrifice]
 10827 | Lair:2   | Gained mutation: You cannot study or cast Necromancy magic. [Ru sacrifice]
 10827 | Lair:2   | Gained mutation: You cannot study or cast Summoning magic. [Ru sacrifice]
 10827 | Lair:2   | Reached ***** piety under Ru
 10894 | Lair:1   | Reached skill level 10 in Unarmed Combat
 11128 | Lair:2   | Reached XP level 12. HP: 114/114 MP: 15/15
 11801 | Lair:2   | Identified a scroll of acquirement
 12066 | Lair:2   | Reached skill level 1 in Axes
 12066 | Lair:2   | Reached skill level 1 in Polearms
 12066 | Lair:2   | Reached skill level 1 in Throwing
 12066 | Lair:2   | Reached skill level 1 in Armour
 12066 | Lair:2   | Reached skill level 1 in Evocations
 12066 | Lair:2   | Reached XP level 13. HP: 123/123 MP: 15/17
 13081 | Lair:3   | Found a staircase to the Snake Pit.
 13466 | Lair:4   | Learned a level 2 spell: Shroud of Golubria
 13866 | Lair:4   | Reached skill level 11 in Unarmed Combat
 13945 | Lair:4   | Found a staircase to the Swamp.
 13957 | Lair:4   | Noticed Josephine
 14006 | Lair:3   | Killed Josephine
 14242 | Lair:4   | Reached skill level 1 in Translocations
 14267 | Lair:4   | Reached skill level 1 in Charms
 15198 | Lair:4   | Reached XP level 14. HP: 133/133 MP: 19/19
 16058 | Lair:6   | Entered Level 6 of the Lair of Beasts
 16425 | Lair:6   | Found a staircase to the Slime Pits.
 17261 | Lair:6   | HP: 5/135 [ten-headed hydra (12)]
 17929 | D:9      | Found a roughly hewn altar of Beogh.
 17992 | D:9      | Found a staircase to the Orcish Mines.
 18034 | Orc:1    | Entered Level 1 of the Orcish Mines
 18042 | Orc:1    | Noticed Harold
 18057 | Orc:1    | Killed Harold
 18277 | Orc:2    | Entered Level 2 of the Orcish Mines
 18587 | Orc:2    | Found a staircase to the Elven Halls.
 18619 | Orc:1    | Noticed Urug
 18627 | Orc:1    | Killed Urug
 18627 | Orc:1    | Reached skill level 12 in Unarmed Combat
 18662 | Orc:1    | Noticed Maurice
 18674 | Orc:1    | Killed Maurice
 18721 | Orc:1    | Found a frozen archway.
 18746 | IceCv    | Entered an ice cave
 19240 | Orc:1    | You fall through a shaft!
 19981 | Snake:1  | Entered Level 1 of the Snake Pit
 20132 | Swamp:1  | Entered Level 1 of the Swamp
 20153 | Swamp:1  | Gained mutation: Your casting is slightly disrupted. [Ru sacrifice]
 20253 | Swamp:1  | Noticed Roxanne
 20961 | Swamp:1  | Upgraded the game from 0.22-a0-410-g97be04f to 0.22-a0-413-ge8614c9
 21634 | Swamp:2  | Reached XP level 15. HP: 101/143 MP: 15/20
 21849 | Swamp:2  | Noticed a thorn hunter
 21949 | Snake:1  | Upgraded the game from 0.22-a0-413-ge8614c9 to 0.22-a0-414-gacd343e
 21975 | Lair:3   | Learned a level 1 spell: Apportation
 22835 | Snake:1  | Reached skill level 13 in Unarmed Combat
 22890 | Snake:1  | HP: 2/143 [shock serpent (14)]
 22895 | Snake:1  | HP: 6/143 [poisoned by a naga (splash of poison)]
 23084 | Lair:3   | Upgraded the game from 0.22-a0-414-gacd343e to 0.22-a0-422-g9628fc8
 23514 | Swamp:2  | Noticed a thorn hunter
 23528 | Swamp:2  | Killed a thorn hunter
 23934 | Swamp:2  | Reached skill level 5 in Spellcasting
 24013 | Swamp:2  | Killed a thorn hunter
 24093 | Swamp:2  | Learned a level 1 spell: Corona
 24096 | Swamp:2  | Learned a level 2 spell: Song of Slaying
 25155 | Swamp:3  | Noticed a thorn hunter
 25170 | Swamp:3  | Killed a thorn hunter
 25607 | Swamp:3  | Reached XP level 16. HP: 136/153 MP: 22/22
 25904 | Swamp:3  | Reached skill level 14 in Unarmed Combat
 25943 | Swamp:3  | Found a runed door.
 25987 | Swamp:3  | Killed from afar by a spriggan druid

Vault maps used:
D:1:      lightli_arrival_quake
D:2:      yredelemnul_forgotten_temple_becter, makhleb_altar_promises_db
D:3:      solitary_fountain, uniq_jessica
D:4:      cheibrodos_greedy_goblins, serial_shops, shop, first_ration
D:5:      marbit_many_paths
D:6:      amethyst_overflow_temple_binary, minmay_temple_entry_statues_pillars,
          lemuel_tele_altar
D:7:      basic_altar, grunt_ogre_cave
D:8:      slow_altar_2, lemuel_crystal_altar, lair_entry_dummy, enter_bailey_2,
          uniq_erica
D:9:      nicolae_overflow_crystal_walls, david_orc_5
D:11:     lemuel_hellish_altar
D:12:     serial_shops, kennysheep_mini
Lair:1:   serial_bayou_shore_b, infiniplex_staircase_pool_2, grunt_megastairs_4,
          serial_bayou_shore_a
Lair:2:   grunt_forest_large_clearings, lemuel_fruit_fields
Lair:3:   guppyfry_snake_entry_island, lemuel_fruit_fields
Lair:4:   minmay_swamp_entry_wisps, uniq_josephine
Lair:5:   uniq_kirke
Lair:6:   hangedman_lair_tendril_chambers, minmay_slime_entry_jelly_boxes,
          minivault_26, st_stairs_10, lookout_lair_type
Swamp:1:  evilmike_swamp_ruin_rubble_2, uniq_roxanne
Swamp:2:  evilmike_swamp_ruin_rubble_1
Swamp:3:  gammafunk_mikee_crab_dinner, hangedman_swamp_lotus
Snake:1:  basic_altar, st_stairs_1, grunt_megastairs_2, lemuel_fruit_tree,
          uniq_louise
Orc:1:    portal_ice_cave_entry_imps, uniq_harold, uniq_maurice, uniq_urug
Orc:2:    st_orc_elflike
Bailey:   bailey_axe_2, bailey
IceCv:    ice_cave_statue_garden_chambered

Skill      XL: |  1  2  3  4  5  6  7  8  9 10 11 12 13 14 15 16 |
---------------+-------------------------------------------------+-----
Dodging        | 3 4 5 6 7 8 |  8.8
Unarmed Combat | 3 4 5 6 7 9 10 11 12 13 14 | 14.1
Shields        | 3 4 5 6 7 8 9 |  9.8
Fighting       | 3 4 5 6 7 8 |  8.7
Stealth        | 1 2 3 |  3.5
Crossbows      | 2 3 4 5 6 |  6.8
Spellcasting   | 1 2 3 4 5 |  5.0
Hexes          | 1 3 |  3.9
Axes           | 1 |  1.1
Polearms       | 1 |  1.1
Throwing       | 1 2 3 |  3.4
Armour         | 1 |  1.5
Evocations     | 1 2 3 |  3.8
Translocations | 1 3 4 |  4.2
Charms         | 1 3 4 |  4.2

Action                   |  1- 3 |  4- 6 |  7- 9 | 10-12 | 13-15 | 16-18 || total
-------------------------+-------+-------+-------+-------+-------+-------++-------
Melee: Unarmed           |   119 |   231 |   266 |   223 |  1331 |    44 ||  2214
       Kick              |       |       |    18 |    71 |   568 |    19 ||   676
 Fire: Hand crossbow     |       |       |   157 |   182 |   155 |       ||   494
Throw: Tomahawk          |       |       |       |       |   151 |     5 ||   156
 Cast: Confusing Touch   |       |       |       |     4 |    58 |     1 ||    63
       Shroud of Golubri |       |       |       |       |    26 |     2 ||    28
Invok: Sacrifice Love    |       |       |     1 |       |       |       ||     1
       Sacrifice Drink   |       |       |     1 |       |       |       ||     1
       Sacrifice Words   |       |       |       |     1 |       |       ||     1
       Sacrifice Arcana  |       |       |       |     1 |       |       ||     1
       Power Leap        |       |       |       |       |     2 |       ||     2
       Apocalypse        |       |       |       |       |     8 |       ||     8
       Reject Sacrifices |       |       |       |       |     1 |       ||     1
       Sacrifice Essence |       |       |       |       |     1 |       ||     1
 Abil: Evoke Blink       |       |       |       |     5 |     6 |       ||    11
Evoke: Wand              |       |       |     1 |       |    28 |       ||    29
  Use: Scroll            |       |     2 |    24 |     9 |     7 |     1 ||    43
       Potion            |       |       |     3 |     4 |       |       ||     7
 Stab: Sleeping          |       |    10 |     2 |     2 |     1 |       ||    15
       Distracted        |       |       |     1 |     2 |     4 |       ||     7
       Invisible         |       |       |       |     1 |    17 |     1 ||    19
       Confused          |       |       |       |       |    27 |     1 ||    28
       Paralysed         |       |       |       |       |    17 |       ||    17
  Eat: Chunk             |    13 |    18 |    42 |    44 |   102 |       ||   219
       Ration            |       |       |       |       |     8 |       ||     8
Armor: Robe              |    24 |    64 |    74 |    44 |   147 |     9 ||   362
Dodge: Dodged            |    26 |    74 |    87 |    79 |   396 |    10 ||   672
Block: Shield            |    44 |    88 |   195 |   182 |   854 |    28 ||  1391

Table legend:
 A = Spawn XP
 B = Non-spawn XP
 C = Spawn XP percentage of total XP
 D = Spawn monster count
 E = Non-spawn monster count
 F = Spawn count percentage of total count
 G = Total turns spent on level
                    A         B        C        D         E        F      G
               +---------+---------+-------+---------+---------+-------+---------
         Total |       0 |  142889 |   0.0 |       0 |     750 |   0.0 | 25987
               +---------+---------+-------+---------+---------+-------+---------
           D:1 |       0 |      36 |   0.0 |       0 |      20 |   0.0 |   758
           D:2 |       0 |     113 |   0.0 |       0 |      28 |   0.0 |   890
           D:3 |       0 |     268 |   0.0 |       0 |      42 |   0.0 |   987
           D:4 |       0 |     432 |   0.0 |       0 |      27 |   0.0 |   924
           D:5 |       0 |     919 |   0.0 |       0 |      29 |   0.0 |   905
           D:6 |       0 |     530 |   0.0 |       0 |      18 |   0.0 |   690
           D:7 |       0 |     603 |   0.0 |       0 |      27 |   0.0 |   766
           D:8 |       0 |     675 |   0.0 |       0 |      12 |   0.0 |   875
           D:9 |       0 |    2166 |   0.0 |       0 |      42 |   0.0 |   860
          D:10 |       0 |    4265 |   0.0 |       0 |      25 |   0.0 |   728
          D:11 |       0 |    5957 |   0.0 |       0 |      47 |   0.0 |  1399
          D:12 |       0 |    2186 |   0.0 |       0 |       5 |   0.0 |   183
        Lair:1 |       0 |    2946 |   0.0 |       0 |      18 |   0.0 |   955
        Lair:2 |       0 |    8759 |   0.0 |       0 |      35 |   0.0 |  1347
        Lair:3 |       0 |    4837 |   0.0 |       0 |      18 |   0.0 |  1964
        Lair:4 |       0 |   15322 |   0.0 |       0 |      52 |   0.0 |  1779
        Lair:5 |       0 |    4401 |   0.0 |       0 |      15 |   0.0 |  1485
        Lair:6 |       0 |    7649 |   0.0 |       0 |      40 |   0.0 |   768
       Swamp:1 |       0 |    9051 |   0.0 |       0 |      22 |   0.0 |  1584
       Swamp:2 |       0 |   24686 |   0.0 |       0 |      45 |   0.0 |  2029
       Swamp:3 |       0 |   16344 |   0.0 |       0 |      30 |   0.0 |   999
       Snake:1 |       0 |   19436 |   0.0 |       0 |      37 |   0.0 |   885
         Orc:1 |       0 |    6223 |   0.0 |       0 |      37 |   0.0 |   832
         Orc:2 |       0 |    1455 |   0.0 |       0 |      35 |   0.0 |   625
        Bailey |       0 |     350 |   0.0 |       0 |      33 |   0.0 |   453
         IceCv |       0 |    3280 |   0.0 |       0 |      11 |   0.0 |   317
               +---------+---------+-------+---------+---------+-------+---------
